 Dungeon Crawl Stone Soup version 0.28.0-45-g0d030f2227 (webtiles) character file.

Game seed: 6527991807398658170

618 sking99 the Spear-Bearer (level 7, -8/56 HPs)
             Began as a Merfolk Cinder Acolyte on May 23, 2022.
             Was an Elder of Ignis.
             Killed from afar by Pikel (38 damage)
             ... with a bolt of acid
             ... on level 5 of the Dungeon.
             The game lasted 00:08:01 (5242 turns).

sking99 the Spear-Bearer (Merfolk Cinder Acolyte)   Turns: 5242, Time: 00:08:02

Health: -8/56      AC:  6    Str: 17    XL:     7   Next: 45%
Magic:  8/8        EV: 11    Int: 13    God:    Ignis [****..]
Gold:   364        SH:  0    Dex:  9    Spells: 8/8 levels left

rFire   + + .      SeeInvis .   m - +0 trident
rCold   + . .      Faith    .   (no shield)
rNeg    . . .      Spirit   .   o - +0 ring mail
rPois   .          Reflect  .   (no helmet)
rElec   .          Harm     .   (no cloak)
rCorr   .          Rampage  .   n - +0 pair of gloves
Will    +....                   (no boots)
Stlth   ..........              (no amulet)
HPRegen 0.18/turn               l - ring of protection from cold
MPRegen 0.11/turn               d - ring of Hiriaq {rF+ Will+ Slay+3}

@: no status effects
A: (nimble swimmer 2), mertail
a: Renounce Religion, Fiery Armour, Foxfire Swarm, Rising Flame


You were on level 5 of the Dungeon.
You worshipped Ignis.
Ignis was greatly pleased with you.
You visited 2 branches of the dungeon, and saw 6 of its levels.
You also visited: Ossuary.

You collected 364 gold pieces.

Inventory:

Hand Weapons
 m - a +0 trident (weapon)
Armour
 n - a +0 pair of gloves (worn)
 o - a +0 ring mail (worn)
Jewellery
 d - the ring of Hiriaq (right hand) {rF+ Will+ Slay+3}
   (You acquired it on level 4 of the Dungeon)

   [ring of willpower]

   Slay:      It affects your accuracy & damage with ranged weapons and melee
   (+3).
   rF:        It protects you from fire.
   Will:      It increases your willpower.
 l - a ring of protection from cold (left hand)
 r - the ring of the Traitor {rF+ rN+ Dex+3 SInv}
   (You found it on level 5 of the Dungeon)

   [ring of protection from fire]

   Dex:       It affects your dexterity (+3).
   rF:        It protects you from fire.
   rN:        It protects you from negative energy.
   SInv:      It lets you see invisible.
 s - an amulet of reflection
Wands
 e - a wand of iceblast (4)
Scrolls
 g - a scroll of immolation {unknown}
 h - 6 scrolls of identify {unknown}
 p - 2 scrolls of noise {unknown}
 q - a scroll of summoning {unknown}
 t - a scroll of magic mapping {unknown}
Potions
 a - a potion of might {unknown}
 b - 2 potions of cancellation {unknown}
 c - 4 potions of brilliance {unknown}
 f - a potion of heal wounds {unknown}
 i - a potion of flight {unknown}
 j - 3 potions of curing {unknown}
 k - 2 potions of lignification {unknown}


   Skills:
 + Level 5.5 Fighting
 * Level 9.4 Polearms
 + Level 4.0 Dodging
 - Level 1.0 Spellcasting
 - Level 2.1 Fire Magic


You had 8 spell levels left.
You didn't know any spells.
Your spell library contained the following spells:

 Spells                   Type           Power      Damage    Failure   Level
 Scorch                   Fire           12%        2d5       32%         2
 Shock                    Conj/Air       0%         1d3       45%         1


Dungeon Overview and Level Annotations

Branches:
Dungeon (5/15)             Temple (1/1) D:5         Ossuary (visited)

Altars:
Ashenzari
Cheibriados
Dithmenos
Elyvilon
Gozag
Hepliaklqana
Makhleb
Nemelex Xobeh
Okawaru
Sif Muna
Trog
Uskayaw
Vehumet
Wu Jian
Xom
Zin

Shops:
D:1 (

Annotations:
D:5 Pikel


Innate Abilities, Weirdness & Mutations

((You are very nimble when in or above water. (Stealth+, EV+, Speed+++)))
Your lower body shifts to a powerful aquatic tail in water.


Message History

A dart slug comes into view.
A dart slug is nearby!
Found 15 stones.
The dart slug launches a dart at you. The slug dart misses you.
You reach to attack!
You hit the dart slug.
The dart slug is moderately wounded.
You reach to attack!
You hit the dart slug.
The dart slug is almost dead.
You hit the dart slug.
You kill the dart slug!
Found a stone staircase leading down.
Found a mace.
You see here a +0 mace.
Found a stone staircase leading down.
You now have 355 gold pieces (gained 12).
Found 14 stones.
You now have 364 gold pieces (gained 9).
You see here 14 stones.
You see here 14 stones.
A wyvern skeleton comes into view.
A wyvern skeleton is nearby!
A wyvern skeleton is nearby!
Pikel and a lemure come into view.
Pikel is wielding a +2 whip of flaming and carrying a wand of acid (10).
The lemure shouts!
A lemure comes into view.
The lemure shouts!
You hear a shout!
You puncture Pikel!
Pikel is moderately wounded.
Pikel says, "You'll burn in Gehenna!"
Pikel hits you with a +2 whip of flaming.
You barely miss Pikel.
Pikel is moderately wounded.
A lemure comes into view.
Pikel zaps a wand.
The bolt of acid hits you!!
A lemure comes into view.
Pikel zaps a wand.
The bolt of acid hits you!!!
Ouch! That really hurt!
You die...

#.# ##.###.##
#.# ##......##
#.#
#............>
#.#
#.......######
#.# #......##
#(######...#.#
#............##
###
########..#...##
..#####
#.@.......
.......
#.#.##...##
#.####.
..###K5..## #.#
#..# #5#.# <.#
.... 5... ..##.#
#### #.# <....#
.# ..#### # ..#


You could see Pikel and 2 lemures.

Vanquished Creatures
  Edmund (D:4)
  A sky beast (D:5)
  An elf zombie (Ossuary)
  A hound (D:4)
  2 human zombies (Ossuary)
  2 hound zombies (Ossuary)
  5 mummies
  6 adders
  An adder skeleton (D:4)
  A worm (D:2)
  A dart slug (D:5)
  12 orcs
  4 bats
  5 endoplasms
  2 giant cockroaches
  9 hobgoblins
  3 jackals (D:1)
  3 quokkas
  6 ball pythons
  2 frilled lizards
  2 gnoll zombies (Ossuary)
  15 goblins
  A goblin zombie (Ossuary)
  A hobgoblin zombie (Ossuary)
  2 jackal zombies (Ossuary)
  4 kobolds
  5 rats
  A rat zombie (Ossuary)
99 creatures vanquished.

Vanquished Creatures (others)
  A fungus (D:2)
  3 plants (D:2)
4 creatures vanquished.

Grand Total: 103 creatures vanquished

Notes
Turn   | Place    | Note
-------+----------+-------------------------------------------
     0 | D:1      | sking99 the Merfolk Cinder Acolyte began the quest for the
                  | Orb.
     0 | D:1      | Reached XP level 1. HP: 18/18 MP: 2/2
   292 | D:1      | Reached XP level 2. HP: 19/24 MP: 3/3
   302 | D:1      | Reached skill level 5 in Polearms
   472 | D:1      | Found Enlox's Antique Weapon Shop.
   676 | D:1      | Reached XP level 3. HP: 30/30 MP: 4/4
  1200 | D:2      | Found a faded altar of an unknown god.
  1206 | D:2      | Got Plato's Almanac of Battle Magic
  1298 | D:2      | Reached skill level 6 in Polearms
  2103 | D:3      | Reached XP level 4. HP: 32/37 MP: 5/5
  3189 | D:4      | Reached skill level 7 in Polearms
  3189 | D:4      | Reached skill level 1 in Dodging
  3189 | D:4      | Reached XP level 5. HP: 23/43 MP: 6/6
  3229 | D:4      | Found a sand-covered staircase.
  3238 | Ossuary  | Entered an ossuary
  3262 | Ossuary  | Reached XP level 6. HP: 4/49 MP: 7/7
  3262 | Ossuary  | HP: 1/49 [human zombie (3)]
  3263 | Ossuary  | Reached skill level 8 in Polearms
  3656 | Ossuary  | Reached skill level 5 in Fighting
  4024 | D:4      | Identified a scroll of acquirement
  4024 | D:4      | Acquired the ring of Hiriaq {rF+ Will+ Slay+3}
  4333 | D:4      | Noticed Edmund
  4352 | D:4      | Killed Edmund
  4353 | D:4      | Reached XP level 7. HP: 43/56 MP: 8/8
  4457 | D:4      | Reached skill level 9 in Polearms
  4487 | D:4      | Found a hazy altar of Hepliaklqana.
  4961 | D:5      | Entered Level 5 of the Dungeon
  5046 | D:5      | Identified the ring of the Traitor {rF+ rN+ Dex+3 SInv}
  5085 | D:5      | Found a staircase to the Ecumenical Temple.
  5095 | Temple   | Entered the Ecumenical Temple
  5238 | D:5      | Noticed Pikel
  5242 | D:5      | Killed from afar by Pikel

Illustrated notes

Levels and vault maps discovered:
D:1:      evilmike_arrival_crescent, layout_rooms, serial_shops,
          nicolae_shop_stone
D:2:      layout_rooms, shapermc_ecumenical_altar_rom_forum
D:3:      layout_loops_ring, guppyfry_early_lair_pool
D:4:      layout_cave_pods, nzn_hepliaklqana_mist_gate,
          gup_ossuary_entry_pyramid, uniq_edmund
D:5:      layout_loops_ring, minmay_temple_entry_statues_pillars,
          ebering_ghost_sewer_f, uniq_pikel
Temple:   minmay_freezing_vapour_temple

Skill      XL: |  1  2  3  4  5  6  7 |
---------------+----------------------+-----
Polearms       | 5 6 7 8 9 |  9.4
Fighting       | 4 5 |  5.5
Dodging        | 1 2 3 4 |  4.0
Spellcasting   | |  1.0
Fire Magic     | |  2.1

Action                   |  1- 3 |  4- 6 |  7- 9 || total
-------------------------+-------+-------+-------++-------
Melee: Spear             |   203 |    15 |       ||   218
       Punch             |     2 |     2 |       ||     4
       Trident           |       |   141 |    48 ||   189
Invok: Fiery Armour      |     1 |     3 |       ||     4
  Use: Potion            |       |     1 |       ||     1
       Scroll            |       |     2 |       ||     2
Armor: Robe              |    28 |     5 |       ||    33
       Ring mail         |       |    52 |    15 ||    67
Dodge: Dodged            |    75 |    67 |    11 ||   153
